 Dungeon Crawl Stone Soup version 0.30.1-4-g462c640d31 (webtiles) character file.

Game seed: 7999096944759613196

63 Bobit the Chopper (level 4, -4/15 (38) HPs)
             Began as a Gnoll Reaver on Aug 15, 2023.
             Was a Believer of Nemelex Xobeh.
             Slain by a black bear (5 damage)
             ... on level 4 of the Dungeon.
             The game lasted 00:05:36 (1580 turns).

Bobit the Chopper (Gnoll Reaver)                    Turns: 1580, Time: 00:05:37

HP:   -4/15 (38)    AC:  6    Str: 11    XL:     4   Next: 10%
MP:   5/11          EV: 13    Int: 12    God:    Nemelex Xobeh [**....]
Gold: 129           SH:  0    Dex: 13    Spells: 7/13 levels left

rFire   . . .        a - +0 hand axe
rCold   . . .        (no shield)
rNeg    . . .        b - +0 leather armour
rPois   .            i - +0 helmet
rElec   .            (no cloak)
rCorr   .            k - +0 pair of gloves
SInv    .            j - +0 pair of boots
Will    .....        (no amulet)
Stlth   +            (no ring)
HPRegen 0.22/turn    (no ring)
MPRegen 0.12/turn

%: no passive effects
@: confused, extremely drained
A: fangs 1, strong nose, distributed training
a: Renounce Religion, Draw Escape, Draw Destruction, Draw Summoning


You were on level 4 of the Dungeon.
You worshipped Nemelex Xobeh.
Nemelex Xobeh was pleased with you.
You visited 1 branch of the dungeon, and saw 4 of its levels.

You collected 129 gold pieces.

Inventory:

Hand Weapons
 a - a +0 hand axe (weapon)
 n - a +0 dagger of speed
Armour
 b - a +0 leather armour (worn)
 i - a +0 helmet (worn)
 j - a +0 pair of boots (worn)
 k - a +0 pair of gloves (worn)
Scrolls
 c - a scroll of summoning {unknown}
 d - a scroll of vulnerability {unknown}
 f - 3 scrolls of identify {unknown}
 g - a scroll of blinking {unknown}
 l - a scroll of torment {unknown}
 m - a scroll of fear {unknown}
Potions
 e - a potion of ambrosia {unknown}
 h - a potion of haste {unknown}


   Skills:
 + Level 4.6 Fighting
 + Level 1.1 Short Blades
 + Level 1.1 Long Blades
 + Level 6.6 Axes
 + Level 1.1 Maces & Flails
 + Level 1.1 Polearms
 + Level 1.1 Staves
 + Level 1.1 Ranged Weapons
 + Level 1.1 Throwing
 + Level 1.1 Armour
 + Level 4.6 Dodging
 + Level 1.1 Stealth
 + Level 1.1 Shields
 + Level 1.1 Unarmed Combat
 + Level 5.0 Spellcasting
 + Level 5.4 Conjurations
 + Level 0.8 Hexes
 + Level 0.8 Summonings
 + Level 0.8 Necromancy
 + Level 0.8 Translocations
 + Level 0.8 Transmutations
 + Level 0.8 Fire Magic
 + Level 0.8 Ice Magic
 + Level 0.8 Air Magic
 + Level 0.8 Earth Magic
 + Level 0.8 Poison Magic
 + Level 1.2 Invocations
 + Level 1.1 Evocations


You had 7 spell levels left.
You knew the following spells:

 Your Spells              Type           Power      Damage    Failure   Level
a - Kiss of Death         Conj/Necr      40%        2d8       7%          1
b - Momentum Strike       Conj/Tloc      20%        3d8       11%         2
c - Hailstorm             Conj/Ice       10%        3d5       22%         3

Your spell library contained the following spells:

 Spells                   Type           Power      Damage    Failure   Level
 Apportation              Tloc           10%        N/A       19%         1
 Freeze                   Ice            20%        1d4       19%         1
 Frozen Ramparts          Ice            10%        1d2       50%         3
 Iskenderun's Battlesphe  Conj           16%        2d7       58%         5
 Alistair's Intoxication  Tmut/Pois      3%         N/A       99%         5
 Iron Shot                Conj/Erth      5%         9d2       100%        6
 Spellforged Servitor     Conj/Summ      5%         N/A       100%        7


Dungeon Overview and Level Annotations

Branches:
Dungeon (4/15)
 Temple: D:4-7

Altars:
Nemelex Xobeh


Innate Abilities, Weirdness & Mutations

You have very sharp teeth.
Your uncanny sense of smell can sniff out nearby items.
Your experience applies equally to all skills.


Message History

An orc comes into view. It is wielding a +0 trident.
Something hits you. Something hits you but does no damage.
You hear some strange, mumbled words.
You are confused.
An adder comes into view.
The adder hisses angrily.
An orc wizard comes into view. It is wielding a +0 dagger.
An orc comes into view. It is wielding a +0 club.
The endoplasm hits you but does no damage.
Something hits you. The gnoll hits you but does no damage.
Something hits you but does no damage.
The black bear attacks as you move away!
The black bear closely misses you. x2; The black bear claws you.
* * * LOW HITPOINT WARNING * * *
The orc shouts!
The orc wizard shouts!
An orc comes into view. It is wielding a +0 hand axe.
The gnoll barely misses you.
The orc shouts!
You hit the endoplasm. You bite the endoplasm.
The endoplasm is almost dead.
You closely miss something. You hit the gnoll.
You hit the black bear but do no damage.
The black bear bites you.
* * * LOW HITPOINT WARNING * * *
The black bear claws you but does no damage.
The black bear closely misses you. The endoplasm misses you.
An orc comes into view. It is wielding a +0 flail.
Something hits you.
* * * LOW HITPOINT WARNING * * *
The gnoll hits you but does no damage.
You barely miss the gnoll.
The gnoll is lightly wounded.
The orc shouts!
You hit the black bear. You hit the endoplasm.
You kill the endoplasm!
You closely miss something. Something barely misses you.
The black bear bites you.
You die...
Your body glows slightly and disappears.

##. ...... .o..
........... ....#
... ..... .
....###.##..... .#
.. #....#....... .o.
=..#.......#..##:.o.
..........#{#<..o...
......))..Kg@S.#
.......<...h..[#
........)..o......#
>.................#
................###
................#
..............)##
...............#
................


You could see a black bear, a gnoll, an adder, 4 orcs and a kobold.

Vanquished Creatures
  A gnoll (D:4)
  A dart slug (D:1)
  An orc (D:4)
  4 ball pythons
  2 bats
  7 endoplasms
  3 giant cockroaches
  5 goblins
  6 hobgoblins
  2 jackals (D:1)
  4 frilled lizards
  5 kobolds
  3 rats
44 creatures vanquished.

Notes
Turn   | Place    | Note
-------+----------+-------------------------------------------
     0 | D:1      | Bobit the Gnoll Reaver began the quest for the Orb.
     0 | D:1      | Reached XP level 1. HP: 20/20 MP: 6/6
    82 | D:1      | Reached XP level 2. HP: 23/26 MP: 7/7
   146 | D:1      | Learned a level 2 spell: Momentum Strike
   381 | D:1      | Reached skill level 5 in Spellcasting
   381 | D:1      | Reached XP level 3. HP: 30/31 MP: 7/9
   658 | D:1      | Found a faded altar of an unknown god.
   764 | D:1      | Prayed at the altar of an unknown god.
   764 | D:1      | Became a worshipper of Nemelex Xobeh the Trickster
   764 | D:1      | Reached * piety under Nemelex Xobeh
   764 | D:1      | Received a gift from Nemelex Xobeh
  1026 | D:1      | Reached skill level 1 in Invocations
  1242 | D:2      | Learned a level 3 spell: Hailstorm
  1413 | D:2      | Reached skill level 1 in Short Blades
  1413 | D:2      | Reached skill level 1 in Long Blades
  1413 | D:2      | Reached skill level 1 in Maces & Flails
  1413 | D:2      | Reached skill level 1 in Polearms
  1413 | D:2      | Reached skill level 1 in Staves
  1413 | D:2      | Reached skill level 1 in Ranged Weapons
  1413 | D:2      | Reached skill level 1 in Throwing
  1413 | D:2      | Reached skill level 1 in Armour
  1413 | D:2      | Reached skill level 1 in Stealth
  1413 | D:2      | Reached skill level 1 in Shields
  1413 | D:2      | Reached skill level 1 in Unarmed Combat
  1413 | D:2      | Reached skill level 1 in Evocations
  1522 | D:3      | Reached ** piety under Nemelex Xobeh
  1566 | D:4      | Noticed a black bear
  1572 | D:4      | Reached XP level 4. HP: 12/15 MP: 4/11
  1580 | D:4      | Slain by a black bear

Illustrated notes

Levels and vault maps discovered:
D:1:      zaba_arrival_water, layout_basic,
          shapermc_ecumenical_altar_mp_vishouse
D:2:      layout_rooms
D:3:      layout_basic, kiku_gazebo_garden_becter, fedhas_altar_1, serial_shops,
          shop, dk_noncrumbling_4, serial_bayou_lake_a
D:4:      layout_cave_pools, minmay_temple_entry_tees, serial_park,
          serial_park_paths [serial_park_minivault_5x5_3],
          serial_park_tiny_pond, nicolae_wormholes

Skill      XL: |  1  2  3 |
---------------+----------+-----
Spellcasting   | 5 |  5.0
Invocations    | 1 |  1.2
Short Blades   | 1 |  1.1
Long Blades    | 1 |  1.1
Maces & Flails | 1 |  1.1
Polearms       | 1 |  1.1
Staves         | 1 |  1.1
Ranged Weapons | 1 |  1.1
Throwing       | 1 |  1.1
Armour         | 1 |  1.1
Stealth        | 1 |  1.1
Shields        | 1 |  1.1
Unarmed Combat | 1 |  1.1
Evocations     | 1 |  1.1
Fighting       | |  4.6
Axes           | |  6.6
Dodging        | |  4.6
Conjurations   | |  5.4
Hexes          | |  0.8
Summonings     | |  0.8
Necromancy     | |  0.8
Translocations | |  0.8
Transmutations | |  0.8
Fire Magic     | |  0.8
Ice Magic      | |  0.8
Air Magic      | |  0.8
Earth Magic    | |  0.8
Poison Magic   | |  0.8

Action                     |  1- 3 |  4- 6 || total
---------------------------+-------+-------++-------
  Melee: Hand axe          |   128 |     2 ||   130
         Bite              |    17 |     1 ||    18
         Punch             |     2 |       ||     2
   Cast: Kiss of Death     |     5 |       ||     5
   Stab: Sleeping          |     1 |       ||     1
 Armour: Leather armour    |    27 |     6 ||    33
  Dodge: Dodged            |    80 |     7 ||    87
